 Dungeon Crawl Stone Soup version 0.29-a0-418-gc0181ea820 (webtiles) character file.

Game seed: 9317890940034711411

431 Bruhh the Chiller (level 7, 0/56 HPs)
             Began as a Barachi Ice Elementalist on May 17, 2022.
             Was a Follower of Zin.
             Killed by divine providence
             ... invoked by an orc priest
              (14 damage)
             ... on level 4 of the Dungeon.
             The game lasted 00:05:19 (3495 turns).

Bruhh the Chiller (Barachi Ice Elementalist)        Turns: 3495, Time: 00:05:20

Health: 0/56       AC: 10    Str: 10    XL:     7   Next: 0%
Magic:  6/14       EV: 16    Int: 17    God:    Zin [*.....]
Gold:   162        SH:  0    Dex: 12    Spells: 9/16 levels left

rFire   . . .      SeeInvis .   i - +2 flail (vorpal)
rCold   . . .      Faith    .   (no shield)
rNeg    . . .      Spirit   .   a - +0 robe
rPois   .          Reflect  .   g - +0 helmet
rElec   .          Harm     .   (no cloak)
rCorr   .          Rampage  .   q - +0 pair of gloves
Will    .....                   (no boots)
Stlth   ++........              (no amulet)
HPRegen 0.18/turn               f - +4 ring of evasion
MPRegen 0.14/turn               (no ring)

@: ice-armoured, freezing walls, slow
A: amphibious, slowness 1, strong legs 1, +LOS
a: Hop, Renounce Religion, Recite, Donate Gold


You were on level 4 of the Dungeon.
You worshipped Zin.
Zin was aware of your devotion.
You visited 2 branches of the dungeon, and saw 5 of its levels.

You collected 180 gold pieces.
You donated 18 gold pieces to Zin.

Inventory:

Hand Weapons
 i - a +2 vorpal flail (weapon)
Armour
 a - a +0 robe (worn)
 g - a +0 helmet (worn)
 q - a +0 pair of gloves (worn)
 t - a +0 tower shield
Jewellery
 f - a +4 ring of evasion (left hand)
Wands
 r - a wand of digging (3)
Scrolls
 h - 7 scrolls of identify {unknown}
 k - a scroll of blinking {unknown}
 l - 2 scrolls of teleportation {unknown}
 m - a scroll of enchant weapon {unknown}
 p - a scroll of noise {unknown}
 s - a scroll of brand weapon {unknown}
Potions
 b - a potion of magic
 c - a potion of cancellation {unknown}
 d - 2 potions of curing
 e - 2 potions of degeneration {unknown}
 j - a potion of might
 n - 2 potions of attraction {unknown}
 o - a potion of haste {unknown}
 u - 2 potions of heal wounds {unknown}
 v - a potion of ambrosia {unknown}


   Skills:
 + Level 5.1 Fighting
 - Level 2.1 Dodging
 - Level 1.7 Stealth
 - Level 5.0 Spellcasting
 - Level 6.0 Ice Magic


You had 9 spell levels left.
You knew the following spells:

 Your Spells              Type           Power      Damage    Failure   Level
a - Freeze                Ice            96%        1d11      1%          1
b - Frozen Ramparts       Ice            48%        1d6       3%          3
c - Ozocubu's Armour      Ice            24%        N/A       3%          3

Your spell library contained the following spells:

 Spells                   Type           Power      Damage    Failure   Level
 Call Canine Familiar     Summ           4%         N/A       38%         3
 Portal Projectile        Hex/Tloc       8%         N/A       38%         3
 Hailstorm                Conj/Ice       14%        3d5       38%         4
 Leda's Liquefaction      Hex/Erth       2%         N/A       80%         4


Dungeon Overview and Level Annotations

Branches:
Dungeon (4/15)             Temple (1/1) D:4

Altars:
Ashenzari
Cheibriados
Elyvilon
Fedhas
Gozag
Kikubaaqudgha
Makhleb
Nemelex Xobeh
Okawaru
Qazlal
Ru
Sif Muna
Trog
Uskayaw
Vehumet
Wu Jian
Xom
Yredelemnul
Zin
The Shining One


Innate Abilities, Weirdness & Mutations

You are amphibious.
You cover ground slowly.
You can hop short distances.
You have an extended range of vision and can be seen from far away.


Message History

Beogh smites you!
The wall freezes the orc.
The frozen ramparts melt away.
The orc priest calls down the wrath of Beogh upon you.
Pain shoots through your body!
* * * LOW HITPOINT WARNING * * *
The orc priest looks satisfied for a moment.
Unknown command.
It was a potion of curing.
You feel better. The orc priest barely misses you.
The orc priest calls down the wrath of Beogh upon you.
Beogh smites you!
* * * LOW HITPOINT WARNING * * *
Unknown command.
You feel better.
The orc priest miscasts a cantrip.
The orc priest hits you but does no damage.
Unknown command.
Casting: Ozocubu's Armour (dangerous; 3% risk of failure)
Confirm with . or Enter, or press ? or * to list all spells.
Casting: Frozen Ramparts (dangerous; 3% risk of failure)
Press: ? - help, Dir - look around, f - activate The walls around you are covered in ice.
The wall freezes the orc priest.
The wall freezes the orc priest!
You kill the orc priest!
The wall freezes the orc priest.
The wall freezes the orc.
You kill the orc!
Your Fighting skill increases to level 5!
You have reached level 7!
The wall freezes the orc priest.
The orc priest begins to cast a cantrip, but forgets the words!
The wall freezes the orc priest.
The wall freezes the orc priest. x2
The wall freezes the orc priest.
The orc priest calls upon Beogh to heal the orc priest.
The orc priest is healed somewhat.
The wall freezes the orc priest.
The orc priest hits you with a +0 whip.
* * * LOW HITPOINT WARNING * * *
The wall freezes the orc priest.
The wall freezes the orc priest!
The orc priest mumbles some strange prayers to Beogh against you.
Beogh smites you!
You die...

#.# ..##.# #.#.# ...
#.##.#####.#.# .. ##
#.##.......#.#
.#...###.###........#
...............######
.#...###.####### #.##
#.# ......###.#
#....)oo@.#
###########


You could see 2 orc priests.

Vanquished Creatures
  Sigmund (D:4)
  A bullfrog (D:3)
  An orc priest (D:4)
  Terence (D:2)
  An iguana (D:4)
  Ijyb (D:3)
  Natasha (D:2)
  An adder (D:2)
  An ufetubus (D:4)
  A worm (D:3)
  A dart slug (D:4)
  11 orcs
  2 endoplasms (D:3)
  3 giant cockroaches
  6 goblins
  8 hobgoblins
  6 kobolds
  A quokka (D:2)
  6 ball pythons
  5 bats
  6 frilled lizards
  5 rats
70 creatures vanquished.

Notes
Turn   | Place    | Note
-------+----------+-------------------------------------------
     0 | D:1      | Bruhh the Barachi Ice Elementalist began the quest for the
                  | Orb.
     0 | D:1      | Reached XP level 1. HP: 13/13 MP: 3/3
   274 | D:1      | Reached skill level 5 in Ice Magic
   376 | D:1      | Found a faded altar of an unknown god.
   381 | D:1      | Reached XP level 2. HP: 19/19 MP: 2/5
   861 | D:1      | Reached XP level 3. HP: 22/24 MP: 2/7
  1242 | D:2      | Noticed Terence
  1252 | D:2      | Learned a level 3 spell: Frozen Ramparts
  1256 | D:2      | Learned a level 3 spell: Ozocubu's Armour
  1267 | D:2      | Killed Terence
  1563 | D:2      | Reached XP level 4. HP: 29/30 MP: 6/9
  1610 | D:2      | Noticed Natasha
  1617 | D:2      | Killed Natasha
  1618 | D:2      | Reached skill level 6 in Ice Magic
  1970 | D:3      | Noticed Ijyb
  1986 | D:3      | Killed Ijyb
  1987 | D:3      | Reached XP level 5. HP: 17/35 MP: 0/11
  2328 | D:3      | Reached skill level 5 in Spellcasting
  2328 | D:3      | Reached skill level 1 in Fighting
  2860 | D:4      | Reached XP level 6. HP: 39/44 MP: 9/13
  2896 | D:4      | Found a staircase to the Ecumenical Temple.
  2942 | Temple   | Entered the Ecumenical Temple
  3074 | Temple   | Became a worshipper of Zin the Law-Giver
  3074 | Temple   | Reached * piety under Zin
  3236 | D:4      | Noticed Sigmund
  3252 | D:4      | Killed Sigmund
  3492 | D:4      | Reached skill level 5 in Fighting
  3492 | D:4      | Reached XP level 7. HP: 15/56 MP: 5/14
  3495 | D:4      | Killed from afar by an orc priest

Illustrated notes

Levels and vault maps discovered:
D:1:      lemuel_arrival_river_ford, layout_basic,
          ebering_ecumenical_altar_petrified, nrook_mini_vaults,
          minmay_tetromino_s4
D:2:      layout_basic, serial_glass, glass_columns_b, glass_columns_a,
          glass_columns_a, glass_columns_a, glass_columns_a, glass_columns_b,
          glass_columns_b, glass_columns_c, uniq_natasha, uniq_terence
D:3:      layout_rooms, uniq_ijyb
D:4:      layout_loops_corners, temple_doors_cd, uniq_sigmund,
          uniq_crazy_yiuf_cottage
Temple:   regret_index_temple_chain_breaker

Skill      XL: |  1  2  3  4  5  6 |
---------------+-------------------+-----
Ice Magic      | 5 6 |  6.0
Spellcasting   | 3 4 5 |  5.0
Fighting       | 2 5 |  5.1
Dodging        | |  2.1
Stealth        | |  1.7

Action                   |  1- 3 |  4- 6 |  7- 9 || total
-------------------------+-------+-------+-------++-------
Melee: Unarmed           |     7 |       |       ||     7
       Flail             |     6 |    12 |       ||    18
 Cast: Freeze            |    33 |    44 |       ||    77
       Frozen Ramparts   |     1 |     7 |       ||     8
       Ozocubu's Armour  |     1 |     4 |       ||     5
  Use: Potion            |       |     2 |       ||     2
 Stab: Sleeping          |     1 |       |       ||     1
Armor: Robe              |    12 |     9 |       ||    21
Dodge: Dodged            |    31 |    35 |       ||    66

Table legend: (Time is in decaauts)
 A = Elapsed time spent in this place.
 B = Non-inter-level travel time spent in this place.
 C = Inter-level travel time spent in this place.
 D = Time resting spent in this place.
 E = Time spent auto-exploring this place.
 F = Levels seen in this place.
 G = Mean time per level.
                   A        B        C        D        E       F      G
               +--------+--------+--------+--------+--------+-----+--------+
         Total |   3914 |   3853 |     61 |      0 |   3222 |   5 |  782.8 |
       Dungeon |   3743 |   3704 |     39 |      0 |   3110 |   4 |  935.8 |
        Temple |    170 |    149 |     21 |      0 |    112 |   1 |  170.0 |
               +--------+--------+--------+--------+--------+-----+--------+

Top non-repeatable levels by time:
     D:1: 1362 daAuts
     D:3: 924 daAuts
     D:2: 848 daAuts
     D:4: 608 daAuts
  Temple: 170 daAuts
